 Dungeon Sprint DCSS version 0.30-a0-137-gd8773701ce (webtiles) character file.

Game seed: 9556411975071635813

3161 mhtbhm the Earth Mage (level 9, -1/52 HPs)
             Began as a Gargoyle Earth Elementalist on Sept 23, 2022.
             Was a High Priest of Vehumet.
             Shot with an arrow by a centaur warrior (15 damage)
             ... in the Dungeon (Sprint III: "The Ten Rune Challenge").
             The game lasted 00:04:46 (1896 turns).

mhtbhm the Earth Mage (Gargoyle Earth Elementalist) Turns: 1896, Time: 00:04:47

Health: -1/52      AC: 11    Str: 12    XL:     9   Next: 94%
Magic:  22/26      EV: 12    Int: 20    God:    Vehumet [*****.]
Gold:   4043       SH:  0    Dex: 10    Spells: 25/35 levels left

rFire   + . .      SeeInvis .    o - +3 quarterstaff (chaos)
rCold   . . .      Faith    .    (shield currently unavailable)
rNeg    + . .      Spirit   .    a - +2 robe {rF+}
rPois   ∞          Reflect  .    (no helmet)
rElec   +          Harm     .    h - +0 cloak
rCorr   .          Rampage  .    (no gloves)
Will    .....      NoTele   +    (no boots)
Stlth   +++.......               (no amulet)
HPRegen 0.17/turn                (no ring)
MPRegen 0.20/turn                (no ring)

@: no status effects
A: sickness immunity, AC +6, negative energy resistance 1, electricity
resistance, torment resistance 1, petrification resistance
a: Renounce Religion


You were in the Dungeon.
You worshipped Vehumet.
Vehumet was extremely pleased with you.
You visited 1 branch You collected 4043 gold pieces.

Inventory:

Hand Weapons
 o - a +3 quarterstaff of chaos (weapon)
Armour
 a - a +2 robe of fire resistance (worn)
 h - a +0 cloak (worn)
Scrolls
 g - a scroll of blinking
 j - a scroll of immolation {unknown}
 k - 3 scrolls of identify
 m - a scroll of torment {unknown}
Potions
 b - 4 potions of magic
 c - 3 potions of curing
 d - 2 potions of heal wounds
 e - a potion of haste
 f - a potion of berserk rage
 i - 2 potions of mutation {unknown}
 l - 2 potions of flight
 n - 3 potions of attraction {unknown}
Miscellaneous
 p - a condenser vane (inert)


   Skills:
 + Level 4.1 Fighting
 + Level 3.9 Dodging
 + Level 5.9 Stealth
 + Level 13.6 Spellcasting
 + Level 2.8 Conjurations
 + Level 0.9 Transmutations
 + Level 17.8 Earth Magic
 + Level 0.4 Evocations


You had 25 spell levels left.
You knew the following spells:

 Your Spells              Type           Power      Damage    Failure   Level
a - Sandblast             Erth           100%       2d20      0%          1
b - Passwall              Tmut/Erth      41%        N/A       1%          2
c - Stone Arrow           Conj/Erth      100%       3d13      1%          3
d - Petrify               Tmut/Erth      50%        N/A       1%          4

Your spell library contained the following spells:

 Spells                   Type           Power      Damage    Failure   Level
 Kindle Blastsparks       Fire/Tloc/Air  26%        2d12      4%          3
 Summon Small Mammal      Summ           52%        N/A       4%          1
 Call Canine Familiar     Summ           13%        N/A       14%         3
 Summon Guardian Golem    Hex/Summ       13%        N/A       14%         3


Dungeon Overview and Level Annotations

Branches:
Dungeon (1/1)

Altars:
Cheibriados
Dithmenos
Elyvilon
Fedhas
Gozag
Hepliaklqana
Kikubaaqudgha
Makhleb
Nemelex Xobeh
Okawaru
Qazlal
Ru
Sif Muna
Trog
Uskayaw
Vehumet
Wu Jian
Xom
Yredelemnul
Zin
The Shining One
Jiyva
Lugonu

Shops:
D (


Innate Abilities, Weirdness & Mutations

You are immune to sickness and miasma.
Your stone body is resilient. (AC +6)
You are immune to poison.
You resist negative energy. (rN+)
You are resistant to electric shocks. (rElec)
You are resistant to unholy torment.
You are immune to petrification.


Message History

The centaur is severely wounded.
A centaur comes into view.
A centaur warrior comes into view.
The centaur moves out of view.
Casting: Stone Arrow (safe; 1% risk of failure)
Confirm with . or Enter, or press ? or * to list all spells.
Aiming: Sandblast (safe; 0% risk of failure)
Press: ? - help, Shift-Dir - straight line, f/p - centaur
Aim: a centaur (severely wounded, 91% to hit)
The blast of sand hits the centaur!
You kill the centaur!
Vehumet accepts your kill.
Vehumet offers you knowledge of Kindle Blastsparks.
You feel your power returning.
The centaur warrior wields a +0 shortbow.
The centaur warrior shoots an arrow.
The arrow completely misses you.
The centaur warrior shoots an arrow.
The arrow hits you.
Unknown command.
Unknown command.
The centaur attacks as you move away!
The centaur hits you but does no damage.
The centaur closely misses you.
The centaur wields a +0 shortbow.
The centaur shoots an arrow.
The arrow hits you but does no damage.
Casting: Sandblast (safe; 0% risk of failure)
Confirm with . or Enter, or press ? or * to list all spells.
Aiming: Stone Arrow (safe; 1% risk of failure)
Press: ? - help, Shift-Dir - straight line, f - centaur warrior
Aim: a centaur warrior, wielding a +0 shortbow (84% to hit)
The stone arrow misses the centaur warrior.
The centaur warrior shoots an arrow.
The arrow hits you!!
The centaur shoots an arrow.
The arrow hits you.
The centaur warrior shoots an arrow.
The arrow completely misses you.
Unknown command.
Clouds of freezing vapour condense around you!
The condenser dries out!
The centaur is engulfed in freezing vapours.
The centaur shoots an arrow.
The arrow hits you!
* * * LOW HITPOINT WARNING * * *
The centaur warrior is engulfed in freezing vapours.
The centaur warrior shoots an arrow.
The arrow hits you!
You die...

#__)#._#..........#
#'###'##))).)...###
.......#).)....)#.#
.......#))#..∩#.###
######'#)#..###.#
#__#...#'#############
#__#...#§.§~~§§#cc...+
#__#...#.#§§§#.#§#...#
#__#...'.#§§§#.#@# ..#
#__'...#.#§§§#...# .#
▓▓▓▓▓▓▓▓▓▓▓▓▓▓▓▓▓▓ #


You could see a centaur warrior and a centaur.

Vanquished Creatures
  Josephine (D)
  A deep elf pyromancer (D)
  An orc knight (D)
  An orc sorcerer (D)
  A shadow (D)
  A spatial vortex (D)
  2 orc warriors (D)
  A centaur (D)
  An earth elemental (D)
  A necrophage (D)
  A water elemental (D)
  A jelly (D)
  Crazy Yiuf (D)
  An orc priest (D)
  Jessica (D)
  A necromancer (D)
  A wizard (D)
  3 humans (D)
  A kobold demonologist (D)
  13 orcs (D)
  2 endoplasms (D)
  A rat (D)
38 creatures vanquished.

Notes
Turn   | Place    | Note
-------+----------+-------------------------------------------
     0 | D        | mhtbhm the Gargoyle Earth Elementalist began the quest for
                  | the Orb.
     0 | D        | Reached XP level 1. HP: 10/10 MP: 3/3
     8 | D        | Reached skill level 4 in Earth Magic
    45 | D        | Noticed Jessica
    49 | D        | Killed Jessica
    50 | D        | Reached skill level 6 in Earth Magic
    50 | D        | Reached XP level 2. HP: 15/15 MP: 1/6
    50 | D        | Reached XP level 3. HP: 19/19 MP: 1/7
   211 | D        | Learned a level 2 spell: Passwall
   215 | D        | Learned a level 3 spell: Stone Arrow
   244 | D        | Reached skill level 7 in Earth Magic
   315 | D        | Noticed Crazy Yiuf
   319 | D        | Killed Crazy Yiuf
   320 | D        | Reached skill level 8 in Earth Magic
   320 | D        | Reached XP level 4. HP: 13/24 MP: 5/10
   559 | D        | Learned a level 4 spell: Petrify
   561 | D        | Noticed a water elemental
   563 | D        | Killed a water elemental
   564 | D        | Reached skill level 5 in Spellcasting
   564 | D        | Reached skill level 9 in Earth Magic
   564 | D        | Reached XP level 5. HP: 28/28 MP: 8/12
   598 | D        | Found a radiant altar of Vehumet.
   598 | D        | Found a shimmering blue altar of Sif Muna.
   598 | D        | Found an ancient bone altar of Kikubaaqudgha.
   602 | D        | Noticed a rust devil
   602 | D        | Noticed a rust devil
   603 | D        | Noticed a hellwing
   604 | D        | Reached skill level 10 in Earth Magic
   612 | D        | Became a worshipper of Vehumet
   679 | D        | Found a basalt altar of Yredelemnul.
   679 | D        | Found a shadowy altar of Dithmenos.
   679 | D        | Found a sacrificial altar of Ru.
   683 | D        | Reached skill level 1 in Fighting
   683 | D        | Reached skill level 11 in Earth Magic
   683 | D        | Reached XP level 6. HP: 24/34 MP: 10/15
   777 | D        | Found a glowing silver altar of Zin.
   777 | D        | Found a glowing golden altar of the Shining One.
   777 | D        | Found a white marble altar of Elyvilon.
   777 | D        | Noticed a deep elf pyromancer
   780 | D        | Killed a deep elf pyromancer
   780 | D        | Reached * piety under Vehumet
   780 | D        | Offered knowledge of Foxfire by Vehumet.
   781 | D        | Reached skill level 5 in Stealth
   781 | D        | Reached skill level 13 in Earth Magic
   781 | D        | Reached XP level 7. HP: 9/40 MP: 10/19
  1021 | D        | Found a hide-covered altar of Uskayaw.
  1021 | D        | Found an iron altar of Okawaru.
  1021 | D        | Found a bloodstained altar of Trog.
  1021 | D        | Found an ornate altar of the Wu Jian Council.
  1021 | D        | Noticed a human
  1021 | D        | Noticed a human
  1024 | D        | Killed a human
  1025 | D        | Reached skill level 14 in Earth Magic
  1025 | D        | Reached XP level 8. HP: 37/46 MP: 15/21
  1029 | D        | Reached skill level 10 in Spellcasting
  1241 | D        | Reached ** piety under Vehumet
  1248 | D        | Noticed a shadow
  1250 | D        | Killed a shadow
  1250 | D        | Offered knowledge of Magic Dart by Vehumet.
  1251 | D        | Reached skill level 15 in Earth Magic
  1358 | D        | Found a blossoming altar of Fedhas.
  1358 | D        | Found a stormy altar of Qazlal.
  1358 | D        | Found a snail-covered altar of Cheibriados.
  1358 | D        | Found a burning altar of Makhleb.
  1358 | D        | Found a shimmering altar of Xom.
  1359 | D        | Found a hazy altar of Hepliaklqana.
  1359 | D        | Found an opulent altar of Gozag.
  1359 | D        | Found a sparkling altar of Nemelex Xobeh.
  1359 | D        | Found a corrupted altar of Lugonu.
  1359 | D        | Found a viscous altar of Jiyva.
  1384 | D        | Noticed Josephine
  1411 | D        | Killed Josephine
  1411 | D        | Offered knowledge of Searing Ray by Vehumet.
  1412 | D        | Reached skill level 16 in Earth Magic
  1412 | D        | Reached XP level 9. HP: 35/52 MP: 17/25
  1620 | D        | Noticed an orc sorcerer
  1621 | D        | Noticed an orc knight
  1623 | D        | Reached *** piety under Vehumet
  1625 | D        | Offered knowledge of Airstrike by Vehumet.
  1625 | D        | Reached **** piety under Vehumet
  1632 | D        | Killed an orc sorcerer
  1633 | D        | Reached skill level 1 in Conjurations
  1633 | D        | Reached skill level 17 in Earth Magic
  1636 | D        | Killed an orc knight
  1637 | D        | Reached ***** piety under Vehumet
  1663 | D        | Found Viwir's Antique Weapon Boutique.
  1891 | D        | Noticed a centaur warrior
  1892 | D        | Offered knowledge of Kindle Blastsparks by Vehumet.
  1896 | D        | Shot with an arrow by a centaur warrior

Illustrated notes

Levels and vault maps discovered:
D:        dungeon_sprint_mu [sprint_mu_entry_cave, sprint_mu_temple_rooms,
          sprint_mu_d1_horrors, sprint_mu_d2_genie, sprint_mu_d3_branching,
          sprint_mu_orc_legion, sprint_mu_elf_gauntlet, sprint_mu_hive_nellie,
          sprint_mu_lair_fedhas, sprint_mu_vaults_butterflies,
          sprint_mu_slime_circle, sprint_mu_swamp_cave, sprint_mu_snake_twists,
          sprint_mu_blade_basic, sprint_mu_crypt_lich, sprint_mu_tomb_spiral,
          sprint_mu_vestibule_basic, sprint_mu_gehenna_hellfire,
          sprint_mu_dis_giant, sprint_mu_tartarus_statrot,
          sprint_mu_cocytus_islands, sprint_mu_zot1]

Skill      XL: |  1  2  3  4  5  6  7  8  9 |
---------------+----------------------------+-----
Earth Magic    | 6 8 9 11 13 14 16 17 | 17.8
Stealth        | 3 4 5 |  5.9
Dodging        | 2 3 |  3.9
Spellcasting   | 3 4 5 6 9 12 13 | 13.6
Fighting       | 1 2 3 4 |  4.1
Conjurations   | 2 |  2.8
Transmutations | |  0.9
Evocations     | |  0.4

Action                   |  1- 3 |  4- 6 |  7- 9 || total
-------------------------+-------+-------+-------++-------
 Cast: Sandblast         |    13 |    12 |    36 ||    61
       Stone Arrow       |       |     1 |    17 ||    18
       Passwall          |       |       |     4 ||     4
Evoke: Condenser vane    |       |       |     2 ||     2
Armor: Robe              |       |       |     6 ||     6
Dodge: Dodged            |     2 |       |    14 ||    16

Table legend: (Time is in decaauts)
 A = Elapsed time spent in this place.
 B = Non-inter-level travel time spent in this place.
 C = Inter-level travel time spent in this place.
 D = Time resting spent in this place.
 E = Time spent auto-exploring this place.
 F = Levels seen in this place.
 G = Mean time per level.
                   A        B        C        D        E       F      G
               +--------+--------+--------+--------+--------+-----+--------+
         Total |   1931 |   1931 |      0 |   1415 |     29 |   1 | 1931.0 |
       Dungeon |   1931 |   1931 |      0 |   1415 |     29 |   1 | 1931.0 |
               +--------+--------+--------+--------+--------+-----+--------+

Top non-repeatable levels by time:
       D: 1931 daAuts
